AoeStats
← NPG | Shimishi Maki

African Clearing

510448907Analyzed
4v4 RM · 14h ago on Oct 1, 2026· 42m 58s· 8 players
Game mode
Random Map
Map size
Large (8 player)
Population
200
Speed
Normal
Resources
Standard
Victory
Conquest
Starting age
Dark Age
Ending age
Imperial Age
RankedLock teamsTeams togetherTeam positionsShared explorationLock speedFull tech treeHidden civsTurbo modeCheats
Victory
Defeat
1675
+8
🇨🇱 Danes · Chile
1546
+13
🇨🇱 Aztecs · Chile
1525
+14
1510
+14
🇦🇷 Vikings · Argentina
1535
-14
🇦🇷 Burmese · Argentina
1530
-14
🇺🇸 Italians · United States
1470
-12
🇦🇷 Hindustanis · Argentina
1391
-9
martincho
8:21 Loom
11:39 Feudal Age
12:23 Double-Bit Axe
21:06 Castle Age
21:41 Fletching
23:58 Bodkin Arrow
24:12 Crossbowman
32:00 Padded Archer Armor
37:10 Bow Saw
41:51 Town Watch
42:49 Leather Archer Armor
[TBArg] Search088
5:48 Loom
12:09 Feudal Age
13:03 Double-Bit Axe
18:44 Horse Collar
21:19 Fletching
24:19 Castle Age
23:18 Padded Archer Armor
24:01 Gold Mining
24:25 Crossbowman
27:45 Bodkin Arrow
30:41 Leather Archer Armor
31:54 Wheelbarrow
31:42 Heavy Plow
38:18 Stone Mining
busy pushing deer
5:34 Loom
16:33 Feudal Age
21:59 Castle Age
21:06 Double-Bit Axe
23:15 Bow Saw
30:22 Fletching
34:05 Bodkin Arrow
35:20 Wheelbarrow
36:39 Padded Archer Armor
37:09 Ballistics
40:12 Leather Archer Armor
43:56 Imperial Age
41:36 Elite Skirmisher
[TBArg] Pichaco ツ
11:25 Loom
13:57 Feudal Age
18:01 Castle Age
16:21 Horse Collar
21:35 Wheelbarrow
21:36 Padded Archer Armor
21:47 Gold Mining
23:05 Husbandry
23:25 Padded Archer Armor
24:49 Heavy Plow
25:05 Bloodlines
26:31 Heavy Plow
28:25 Town Watch
33:03 Stone Mining
34:34 Hand Cart
38:13 Fletching
43:52 Imperial Age
42:35 Masonry
BrøweN
10:41 Loom
12:27 Feudal Age
17:03 Castle Age
14:50 Double-Bit Axe
16:36 Fletching
17:00 Gold Mining
18:06 Bodkin Arrow
24:43 Bloodlines
24:33 Husbandry
25:46 Ballistics
26:50 Padded Archer Armor
28:26 Leather Archer Armor
31:51 Horse Collar
33:39 Coinage
33:28 Bow Saw
33:39 Town Watch
35:14 Thumb Ring
40:10 Wheelbarrow
45:46 Imperial Age
NPG | ChupaloAlexitico
10:12 Feudal Age
10:13 Loom
11:37 Double-Bit Axe
13:48 Scale Barding Armor
20:43 Castle Age
19:29 Gold Mining
19:34 Fletching
22:05 Bodkin Arrow
25:02 Padded Archer Armor
26:34 Wheelbarrow
28:57 Bow Saw
29:41 Thumb Ring
29:53 Leather Archer Armor
29:51 Bloodlines
29:42 Husbandry
29:56 Stone Mining
32:25 Hand Cart
32:16 Town Watch
39:25 Imperial Age
38:10 Ballistics
40:03 Gold Shaft Mining
40:13 Bracer
39:55 Horse Collar
41:06 Parthian Tactics
40:53 Elite Skirmisher
42:46 Chemistry
42:20 Conscription
NPG | DR@CA
5:31 Loom
13:33 Feudal Age
13:35 Man-at-Arms
14:32 Arson
15:00 Double-Bit Axe
17:58 Horse Collar
21:59 Fletching
24:34 Castle Age
22:56 Fletching
23:21 Scale Mail Armor
23:58 Fletching
24:56 Elite Skirmisher
25:58 Bow Saw
28:01 Wheelbarrow
27:38 Gold Mining
31:03 Bodkin Arrow
31:35 Redemption
38:03 Town Watch
39:03 Stone Mining
44:37 Imperial Age
42:40 Chain Mail Armor
43:17 Forging
NPG | Shimishi Maki
11:21 Loom
13:06 Feudal Age
17:37 Castle Age
16:01 Double-Bit Axe
16:34 Horse Collar
18:20 Fletching
19:30 Town Watch
20:18 Horse Collar
24:40 Bodkin Arrow
27:38 Padded Archer Armor
30:54 Ballistics
31:58 Gold Mining
37:58 Imperial Age
36:40 Wheelbarrow
36:28 Leather Archer Armor
36:44 Stone Mining
37:31 Thumb Ring
37:52 Heavy Plow
39:47 Chemistry
38:49 Bracer
39:16 Bow Saw
40:18 Masonry
41:49 Hand Cart
42:07 Ring Archer Armor
41:30 Elite Rattan Archer
Connection lost

Rejoining the realm…

Still unreachable

The connection could not be restored.

Session expired

The server has moved on; the page needs a fresh start.